Cogmind - Beta 13 @@@ ROGUE MODE // 2024.03.24 @ 09:15:08 Player: Oldman Pu Result: Destroyed by G-34 Mercenary with Small Laser Performance ------------- Evolutions (0) 0 Regions Visited (1) 200 Robots Destroyed (27) 135 Value Destroyed (585) 585 Prototype IDs (0) 0 Alien Tech Used (0) 0 Bonus (0) 0 TOTAL SCORE: 920 Bonus ------- None Cogmind --------- Core Integrity 0/250 Matter 290/300 Energy 230/250 System Corruption 0% Temperature Cool (62) Movement Rolling (115) Ox1 Location -10/Materials Parts ------- > --- POWER (1) -------- Ion Engine > --- PROPULSION (2) --- Compact Wheel Compact Wheel > --- UTILITY (2) ------ High-capacity Storage Unit Core Shielding > --- WEAPON (2) ------- Medium Laser Medium Laser > --- INVENTORY (20) --- Light Ion Engine Aluminum Leg Aluminum Leg Improved Heat Sink Cooling System Cooling System Cooling System Cooling System High-capacity Storage Unit Large Matter Pod (65) High-capacity Matter Pod (0) Core Shielding Core Shielding Medium Laser Peak State ------------ > --- POWER ------------ Ion Engine > --- PROPULSION ------- Compact Wheel Compact Wheel > --- UTILITY ---------- Large Storage Unit Core Shielding > --- WEAPON ----------- Medium Laser Light Assault Rifle > --- INVENTORY -------- Light Ion Engine Aluminum Leg Aluminum Leg Improved Heat Sink Cooling System Cooling System Cooling System Cooling System Large Matter Pod Core Shielding Core Shielding Core Shielding Medium Laser Medium Laser [Rating: 9] Favorites ----------- Power Ion Engine Engine Ion Engine Propulsion Wheel Leg Aluminum Leg Wheel Wheel Utility Core Shielding Storage Small Storage Unit Protection Core Shielding Weapon Medium Laser Energy Gun Medium Laser Ballistic Gun Light Assault Rifle Build | -11 -10 ------- Run | Yrd Mat Slots Evolved . | . . Power . | . . Propulsion . | . . Utility . | . . Weapon . | . . Parts Attached 23 | 7 16 Power 4 | 2 2 Engine 4 | 2 2 Core . | . . Reactor . | . . Propulsion 8 | 2 6 Treads . | . . Leg 2 | . 2 Wheel 6 | 2 4 Hover . | . . Flight . | . . Utility 5 | 1 4 Device . | . . Storage 3 | 1 2 Processor . | . . Hackware . | . . Protection 2 | . 2 Artifact . | . . Weapon 6 | 2 4 Energy Gun 3 | 1 2 Energy Cannon . | . . Ballistic Gun 3 | 1 2 Ballistic Cannon . | . . Launcher . | . . Special Weapon . | . . Impact Weapon . | . . Slashing Weapon . | . . Piercing Weapon . | . . Special Melee Weapon . | . . Unidentified Prototypes . | . . Parts Lost 6 | . 6 Power 1 | . 1 Propulsion 3 | . 3 Utility . | . . Weapon 2 | . 2 Highest Loss Streak 4 | . 4 To Critical Strikes . | . . Average Slot Usage (%) 95 | . 95 Engine 13 | . 13 Leg 1 | . 1 Wheel 23 | . 23 Storage 14 | . 14 Protection 13 | . 13 Energy Gun 14 | . 14 Ballistic Gun 13 | . 13 Naked Turns . | . . Heaviest Build 49 | 13 49 Greatest Support 32 | 20 32 Greatest Overweight (x) 3 | 3 2 Average Overweight (x) . | . . Largest Inventory Capacity 20 | 8 20 Average Capacity 10 | 7 10 Most Carried 16 | 1 16 Average Carried 8 | . 8 Final Capacity 20 | 8 20 Final Carried 14 | 1 14 Class Distribution -------------------- 100% | Mutant Dominant Class ---------------- Mutant | -10/Materials Resources | -11 -10 ----------- Run | Yrd Mat Matter Collected 691 | 229 462 Remotely . | . . Salvage Created 1005 | . 1005 Parts 50 | . 50 Haulers Intercepted 2 | . 2 Recyclers Shooed 2 | . 2 Parts Field Recycled . | . . Retrieved Matter . | . . Parts Self-Destructed . | . . Prevented . | . . Kills | -11 -10 ------- Run | Yrd Mat Combat Hostiles Destroyed 16 | . 16 Guns 16 | . 16 Classes Destroyed 8 | . 8 Worker 2 | . 2 Builder 1 | . 1 Hauler 2 | . 2 Recycler 2 | . 2 Operator 1 | . 1 Watcher 3 | . 3 Swarmer 3 | . 3 Grunt 13 | . 13 Best Kill Streak 5 | . 5 Combat Bots Only 3 | . 3 Max Kills in Single Turn 1 | . 1 Gunslinging . | . . Exploded . | . . Melee . | . . Uniques/NPCs Destroyed . | . . Combat | -11 -10 -------- Run | Yrd Mat Hostile Shots Fired 112 | . 112 Missed 30 | . 30 Damage Taken 894 | . 894 Core 259 | . 259 Absorbed by Shields . | . . Redirected to Shielding 57 | . 57 Regen/Repaired (Parts) 35 | . 35 Core Remaining (%) 100 | 100 . Volleys Fired 105 | . 105 Largest 2 | . 2 Hottest 70 | . 70 Shots Fired 199 | . 199 Gun 199 | . 199 Cannon . | . . Launcher . | . . Special . | . . Kinetic 95 | . 95 Thermal 104 | . 104 Explosive . | . . Electromagnetic . | . . Robot Hit Streak 12 | . 12 Robot Miss Streak 5 | . 5 Penetration Max . | . . Secondary Targets 2 | . 2 Max Gunslinging Chain 1 | . 1 Shots Hit Robots 128 | . 128 Core Hits 46 | . 46 Critical Kills 3 | . 3 Critical Parts Destroyed 1 | . 1 Critical Strikes 10 | . 10 Burn 6 | . 6 Destroy 4 | . 4 Melee Attacks . | . . Impact . | . . Slashing . | . . Piercing . | . . Sneak Attacks . | . . Combat Hostiles . | . . Follow-up Attacks . | . . Damage Inflicted 1543 | . 1543 Guns 1543 | . 1543 Cannons . | . . Explosions . | . . Melee . | . . Ramming . | . . Kinetic 697 | . 697 Thermal 846 | . 846 Explosive . | . . Electromagnetic . | . . Impact . | . . Slashing . | . . Piercing . | . . Highest Corruption . | . . Average Corruption . | . . Corruption Purged . | . . Corruption Blocked . | . . Overload Shots . | . . Overflow Damage . | . . Projectiles . | . . Explosions . | . . Melee . | . . Knockbacks . | . . Impact . | . . Kinetic . | . . Secondary . | . . Self-Inflicted Damage . | . . Shots . | . . Rammed . | . . Targets Rammed . | . . Kicked . | . . Crushed . | . . Highest Temperature 204 | . 204 Average Temperature 55 | . 55 Received Heat Transfer 459 | . 459 Effects 2 | . 2 Interference 2 | . 2 Siege Activations . | . . Robots Corrupted . | . . Combat Hostiles . | . . Parts Fried . | . . Impact Corruptions . | . . Robots Melted . | . . Combat Hostiles . | . . Parts Melted 3 | . 3 Heat Transferred 2960 | . 2960 Parts Sabotaged . | . . Parts Stolen . | . . Parts Stripped . | . . Power Chain Reactions . | . . Alert | -11 -10 ------- Run | Yrd Mat Peak Influence 352 | . 352 Initial . | . . Average 206 | . 214 Maximum Alert Level 1 | . 1 Low Security (%) 42 | 100 40 Level 1 57 | . 59 Level 2 . | . . Level 3 . | . . Level 4 . | . . Level 5 . | . . High Security . | . . Max Security . | . . Squads Dispatched 5 | . 5 Investigation 2 | . 2 Extermination . | . . Reinforcement 3 | . 3 Assault . | . . Garrison . | . . Intercept . | . . Searches Triggered . | . . Construction Impeded . | . . Haulers Reinforced . | . . Active Scanning Responses . | . . Cargo Convoy Interrupts . | . . Stealth | -11 -10 --------- Run | Yrd Mat Distress Signals 2 | . 2 Communications Jammed . | . . Distress Signals . | . . Times Spotted 37 | . 37 Peak Tracking Total 7 | . 7 Tactical Retreats 3 | . 3 Traps | -11 -10 ------- Run | Yrd Mat Traps Triggered 1 | . 1 Indirectly . | . . Trap Hack Attempts . | . . Triggered . | . . Disarmed . | . . Reprogrammed . | . . Reused . | . . Traps Extracted . | . . Installed . | . . Triggered . | . . Machines | -11 -10 ---------- Run | Yrd Mat Machines Disabled . | . . Max in Single Turn . | . . Machines Repaired . | . . Machines Dismantled . | . . Machines Sabotaged . | . . Overloaded Fab Kills . | . . Hacking | -11 -10 --------- Run | Yrd Mat Machines Accessed 3 | . 3 Terminals 2 | . 2 Fabricators . | . . Repair Stations 1 | . 1 Recycling Units . | . . Scanalyzers . | . . Garrison Access . | . . Total Hacks 12 | . 12 Successful 9 | . 9 Failed 3 | . 3 Catastrophic . | . . Database Lockouts . | . . Manual . | . . Terminals 7 | . 7 Fabricators . | . . Repair Stations 5 | . 5 Recycling Units . | . . Scanalyzers . | . . Garrison Access . | . . Terminal Hacks 5 | . 5 Record 3 | . 3 Locate Traps 2 | . 2 Fabricator Hacks . | . . Repair Station Hacks 4 | . 4 Scan Component 2 | . 2 Repair 2 | . 2 Recycling Unit Hacks . | . . Scanalyzer . | . . Garrison Access Hacks . | . . Unauthorized Hacks . | . . Terminals . | . . Fabricators . | . . Repair Stations . | . . Recycling Units . | . . Scanalyzers . | . . Garrison Access . | . . Data Cores Recovered . | . . Used . | . . Hacking Detections 2 | . 2 Full Trace Events 1 | . 1 Feedback Events . | . . Feedback Blocked . | . . Robot Schematics Acquired . | . . Robots Built . | . . Authchips . | . . Time . | . . Total Robot Build Rating . | . . Part Schematics Acquired . | . . Parts Built . | . . Authchips . | . . Time . | . . Total Part Build Rating . | . . Parts Repaired 1 | . 1 Time 52 | . 52 Parts Recycled . | . . Recycled Matter . | . . Retrieved Matter . | . . Retrieved Components . | . . Parts Scanalyzed . | . . Part Schematics Acquired . | . . Parts Damaged . | . . Bothacking | -11 -10 ------------ Run | Yrd Mat Used RIF Installer . | . . Robots Hacked . | . . Non-combat . | . . Combat . | . . Robot Hacks Applied . | . . Relay Couplers Released . | . . Fabnet Peak Effective % . | . . Robots Rewired . | . . Allies Hacked . | . . Hacks Repelled . | . . Allies | -11 -10 -------- Run | Yrd Mat Total Allies . | . . Largest Group . | . . Highest-Rated Group . | . . Highest-Rated Ally . | . . Total Orders . | . . Ally Attacks . | . . Total Damage . | . . Kills . | . . Allies Corrupted . | . . Allies Melted . | . . Intel | -11 -10 ------- Run | Yrd Mat Robot Analysis Total . | . . Derelict Logs Recovered . | . . Drone Launches . | . . Drone Recoveries . | . . Exploration | -11 -10 ------------- Run | Yrd Mat Turns Passed 1209 | 48 1161 Spaces Moved 847 | 38 809 Core 18 | 13 5 Treads . | . . Legs 36 | . 36 Wheels 793 | 25 768 Hover . | . . Flight . | . . Fastest Speed 50 | 50 80 Average Speed 94 | 98 94 Slowest Speed 200 | 200 150 Overloaded Moves . | . . Propulsion Burnouts . | . . Robots Hopped . | . . Cave-ins Triggered . | . . Exploration Rate (%) 48 | 4 93 Regions Visited 1 Branch Regions . Pre-discovered Areas . | . . Known Exits Taken . | . . Unknown Exits Taken 1 | 1 . Scrap Searched . | . . Spaces Dug . | . . Terrain Destroyed . | . . Melee . | . . Projectile . | . . AOE . | . . Terrain Rammed . | . . Walls Destroyed . | . . Machines Disabled . | . . Actions | -11 -10 --------- Run | Yrd Mat Total 1056 | 44 1012 Wait 58 | . 58 Move 846 | 37 809 Hop . | . . Pick Up 18 | . 18 Fast Attach 11 | 6 5 Attach 3 | . 3 Detach . | . . Swap 9 | 1 8 Drop 6 | . 6 Fire 105 | . 105 Melee . | . . Ram . | . . Kick . | . . Crush . | . . Escape Stasis . | . . Rewire . | . . Trap . | . . Miscellaneous . | . . Route ------- -11/Scrapyard -10/Materials (discovered 5 exits: [*Mat x3] / [*Min x2]) History --------- Turn | Location | Event 33 | -11/Scrapyard | Discovered new exit (range 16) 49 | -11/Scrapyard | Entered Materials 172 | -10/Materials | Discovered new exit (range 16) 173 | -10/Materials | Discovered new exit (range 10) 303 | -10/Materials | Build established: Mutant 310 | -10/Materials | Discovered new exit (range 16) 531 | -10/Materials | Repaired Wheel 664 | -10/Materials | Discovered new exit (range 11) 675 | -10/Materials | Core integrity fell below 50% 700 | -10/Materials | Core integrity fell below 20% 722 | -10/Materials | Lost 4 parts (1p2n1w) 936 | -10/Materials | Discovered new exit (range 10) 1210 | -10/Materials | Destroyed by G-34 Mercenary with Small Laser Last Messages --------------- 01156_ Dropped Lrg. Storage Unit. 01158_ Acquired Hcp. Storage Unit. 01161_ Acquired Hcp. Matter Pod. 01180_ Acquired 72 matter. 01199_ Connecting with Repair Station... >>Scan(Core Shielding) Scanning Core Shielding... Ready to Repair: Core Shielding Rating: 1 Time: 26 >>Repair Repairing Core Shielding... ETC: 26 01199_ ALERT: Suspicious activity at Repair Station M001. Dispatching Investigation squad. 01204_ G-34 Mercenary suffers critical hit (Destroy). 01204_ Destroyed Aluminum Leg. 01207_ G-34 Mercenary destroyed. 01208_ Lgt. Assault Rifle destroyed. Map ----- +----------------------------------------------------+ | | | | | | | | | | | | | | | | | | | | | | | | | | | | | ????????????????#########################????????? | | ????????????????# # ! ######???? | | ????????????????# """ # #||[ #???? | | ????????????????# "T" # """"" #|| #???? | | ????????????????# # """""""""^#||[[##### | | ????????????????# """ # """ """ + +* | | ????????????????# """ # %=! # ! ##### | | ????????????????# """ # [=%% ######### | | ????????????????######+###########+######?# # | | ????????????????# g[ != %% ##### # | | ????????????????# < =%= %* % % + | | ????????????????# g*! @ [! ##### # | | ????????????????#########" "####### #???# # | | ????????????????????????#"R"#?????# % #???## ### | | ????????????????????????#"""#?????# #????# #?? | | ???????????###########??#####?????# #????# #?? | | ???????????# #????????????# #????# ### | | ???????????# ##############% #????# | | ???????????# ?# + % #????# ### | | ????????????? ???#" """ ########+####??# #?? | | ?????######?###+##+###T """ #????# !#####+#### | | ?????# + #" """ #????# # | | ?????# # # #????# # """ | | ?????# + + #????# # """ !!! | | ?????# # ########????# # """ !!! | | ?????# # ## #????# # !! | | ?????# ?# #????# # | | ?????######?# < #????# ########## | | ????????????# #????# ## #? | | ????????????########### #????# ## """ #? | | ??????????????????????## ##????# ## """ ## | | ???????????????????????# #?????# ## """ ## | | ???????????????????????# #?????######### ## | | ?????????????#######???# #?????######### #" | | ?????????????# ##### ####+## ##+#####" | | ?????????????# | +----------------------------------------------------+ Best States ------------- Heat Dissipation 25 Energy Generation 10 Energy Capacity 250 Matter Stores 300 Matter Capacity 300 Sight Range 16 Terrain Scan Density 10 Core Shielding 20 Evasion (%) 55 Item Schematics ----------------- None Robot Schematics ------------------ None Fabricated ------------ Nothing Alien Tech Used ----------------- None Achievements -------------- None Challenges ------------ None Game ------ Seed SkeletonHypervelocityWarhead Manual? 0 Play Time 00:16:03 Cumulative 197.9 hours Start 2024.03.24 @ 09:03:47 End 2024.03.24 @ 09:15:08 Sessions 1 Manual Loads 0 Difficulty Rogue Special Mode None Game No. 145 Rogue 133 Adventurer 12 Explorer 0 Win Type - Total 1 Types 1/0/0/0/0/0/0/0/0 Lore% 26 Gallery% 43 Achievement% 32 Wizard Run 0 Options --------- Layout 1 ASCII 0 Keyboard 0 Movement Mouse Keybinds 0 Fullscreen 1 Font 32/SmallcapsGlow Map View 77x35 Zoom Use 0% Tactical HUD 1 Map Filters NONE Filters NONE Steam 1 RUN: a3e3c87c-a33e-4d28-881f-588b7486b6e1